 Dungeon Crawl Stone Soup version 0.21-a0-352-g5b8f553 (webtiles) character file.

14 tidbits the Digger (level 2, 15/26 HPs)
             Began as a Gnoll Wanderer on Oct 10, 2017.
             Quit the game on level 4 of the Dungeon.
             The game lasted 00:01:14 (157 turns).

tidbits the Digger (Gnoll Wanderer)                  Turns: 157, Time: 00:01:14

Health: 15/26      AC:  2    Str: 15    XL:     2   Next: 41%
Magic:  7/7        EV: 11    Int: 13    God:
Gold:   18         SH:  0    Dex: 14    Spells: 10/10 levels left

rFire    . . .     SeeInvis .   f - bread ration
rCold    . . .     Gourm    .   (no shield)
rNeg     . . .     Faith    .   d - +0 robe
rPois    .         Spirit   .   (no helmet)
rElec    .         Reflect  .   (no cloak)
rCorr    .         Harm     .   (no gloves)
MR       .....                  (no boots)
Stlth    ++........             j - amulet of inaccuracy (curse)
HPRegen  0.08/turn              (no ring)
MPRegen  0.10/turn              (no ring)

@: no status effects
A: distributed training, fangs 1, strong nose
a: no special abilities


You were on level 4 of the Dungeon.
You were not hungry.

You visited 1 branch of the dungeon, and saw 3 of its levels.

You collected 18 gold pieces.

Inventory:

Hand Weapons
 a - a +3 spear
 b - a +0 quarterstaff
Armour
 d - a +0 robe (worn)
Jewellery
 j - a cursed amulet of inaccuracy (around neck)
   (You found it on level 2 of the Dungeon)
Potions
 g - a potion of heal wounds
 i - a potion of brilliance
Comestibles
 f - a bread ration (in hand)


   Skills:
 + Level 4.5 Fighting
 + Level 0.4 Short Blades
 + Level 0.4 Long Blades
 + Level 0.4 Axes
 + Level 0.4 Maces & Flails
 + Level 0.4 Polearms
 + Level 0.4 Staves
 + Level 0.4 Slings
 + Level 0.4 Bows
 + Level 0.4 Crossbows
 + Level 0.4 Throwing
 + Level 0.4 Armour
 + Level 0.4 Dodging
 + Level 2.2 Stealth
 + Level 4.5 Shields
 + Level 0.4 Unarmed Combat
 + Level 4.9 Spellcasting
 + Level 0.4 Conjurations
 + Level 0.4 Hexes
 + Level 0.4 Charms
 + Level 0.4 Summonings
 + Level 0.4 Necromancy
 + Level 0.4 Translocations
 + Level 0.4 Transmutations
 + Level 0.4 Fire Magic
 + Level 0.4 Ice Magic
 + Level 0.4 Air Magic
 + Level 6.5 Earth Magic
 + Level 0.4 Poison Magic
 + Level 0.4 Invocations
 + Level 0.4 Evocations


You had 10 spell levels left.
You didn't know any spells.

Dungeon Overview and Level Annotations

Branches:
Dungeon (2/15)

Altars:


Innate Abilities, Weirdness & Mutations

Your experience applies equally to all skills.
You have very sharp teeth.
Your uncanny sense of smell can sniff out nearby items.


Message History

The adder bites you.
* * * LOW HITPOINT WARNING * * *
The adder bites you but does no damage.
You miss the adder.
The adder is lightly wounded.
The adder bites you but does no damage.
You hit the adder.
The adder is severely wounded.
The adder bites you but does no damage.
You barely miss the adder.
The adder is severely wounded.
The adder bites you but does no damage. x2
You hit the adder.
You kill the adder!
You have reached level 2!
You closely miss the frilled lizard.
The frilled lizard bites you but does no damage.
You completely miss the frilled lizard.
The frilled lizard bites you but does no damage.
You closely miss the frilled lizard.
The frilled lizard bites you but does no damage.
You barely miss the frilled lizard.
The frilled lizard completely misses you.
The frilled lizard bites you.
* * * LOW HITPOINT WARNING * * *
You hit the frilled lizard.
The frilled lizard is heavily wounded.
The frilled lizard bites you but does no damage.
You closely miss the frilled lizard.
The frilled lizard is heavily wounded.
The frilled lizard bites you but does no damage.
You closely miss the frilled lizard.
The frilled lizard is heavily wounded.
The frilled lizard bites you but does no damage.
You barely miss the frilled lizard.
The frilled lizard is heavily wounded.
The frilled lizard bites you but does no damage.
You hit the frilled lizard.
You kill the frilled lizard!
No target in view!
No target in view!
Wield which item (- for none, * to show all)? (? for menu, Esc to quit)
f - a bread ration (in branch)
You swing at nothing.
You swing at nothing.
You swing at nothing.
You swing at nothing.
You swing at nothing.
You swing at nothing.
You swing at nothing.
You swing at nothing.
You swing at nothing.
You swing at nothing.
You swing at nothing.
You swing at nothing.
You swing at nothing.
You swing at nothing.
You swing at nothing.
Your transformation is almost over.
You swing at nothing.
You swing at nothing.
You hear the slow hiss of a very distant avalanche of sand.
You swing at nothing.
You swing at nothing.
You swing at nothing.
You swing at nothing.
You swing at nothing.
You feel less wooden.
Your +0 robe unmelds from your body.
You feel a little less clever now.
You now have 18 gold pieces.
Found a scroll labeled XEFROS FIQIHI.
Found a scroll labeled ONEMIS ICEM.
c - a scroll labeled XEFROS FIQIHI
As you read the scroll labeled XEFROS FIQIHI, it crumbles to dust.
It is a scroll of enchant weapon.
Your +2 spear glows red for a moment.
As you read the scroll labeled OCUTUCL NOFO, it crumbles to dust.
The scroll dissolves into smoke.
It was a scroll of fog.
As you read the scroll labeled YSOQUI ADUAPT, it crumbles to dust.
The air around you briefly surges with heat, but it dissipates.
It was a scroll of immolation.
A gnoll comes into view. It is wielding a whip.
The gnoll shouts!
You hear a shout!
You hear a bark!
A gnoll comes into view. It is wielding a halberd.
The gnoll shouts!
A gnoll comes into view. It is wielding a club.
Autopickup is now off.
You hear a shout!
You see here a scroll labeled ONEMIS ICEM.
As you read the scroll labeled ONEMIS ICEM, it crumbles to dust.
It is a scroll of identify.
g - a potion of heal wounds A hound comes into view.
An orc comes into view. It is wielding a falchion.
The orc shouts!
You hear a bark!
The hound bites you.
A howler monkey comes into view.
The hound bites you.
Are you sure you want to abandon this character and quit the game? (Confirm with "yes".)

∆ ..### .# ##
..h...###.##..
#............#.###.
#..................
#..........#.......
#..................
.......#.#@#......
.......o.h....#... #####
#.###.g#g#.#......
....###.####..........##
...§§##.##..g#.#.#....#
...#§##.##............#
...#§§#.#...#.........#
...##§§....##.........#
...##§§§...##.........#


You could see a howler monkey, a hound, 3 gnolls and an orc.

Vanquished Creatures
  An adder (D:4)
  A bat (D:1)
  2 kobolds (D:1)
  A frilled lizard (D:4)
  A rat (D:1)
6 creatures vanquished.

Notes
Turn   | Place    | Note
-------+----------+-------------------------------------------
     0 | D:1      | tidbits the Gnoll Wanderer began the quest for the Orb.
     0 | D:1      | tidbits set off with: a +2 spear, a +0 quarterstaff, a potion of lignification, a +0 robe, a bread ration
     0 | D:1      | Reached XP level 1. HP: 20/20 MP: 6/6
    79 | D:2      | You fall through a shaft for 2 floors!
    92 | D:4      | Reached XP level 2. HP: 20/26 MP: 7/7
   156 | D:4      | Noticed a howler monkey
   157 | D:4      | Quit the game

Vault maps used:
D:1:      dpeg_arrival_more_subterranean_lakeside_camping
D:2:      first_bread, kennysheep_nub
D:4:      chequers_ossuary_entry_cave, serial_glass, glass_columns_b,
          glass_columns_a, serial_shops, shop_coins, uniq_sigmund

Action                   || total
-------------------------++-------
Melee: Spear             ||    27
       Bite              ||     1
  Use: Potion            ||     2
       Scroll            ||     4
Armor: Skin              ||    14
       Robe              ||     1
Dodge: Dodged            ||     5

Table legend:
 A = Spawn XP
 B = Non-spawn XP
 C = Spawn XP percentage of total XP
 D = Spawn monster count
 E = Non-spawn monster count
 F = Spawn count percentage of total count
 G = Total turns spent on level
                    A         B        C        D         E        F      G
               +---------+---------+-------+---------+---------+-------+---------
         Total |       0 |      20 |   0.0 |       0 |       6 |   0.0 |   157
               +---------+---------+-------+---------+---------+-------+---------
           D:1 |       0 |       6 |   0.0 |       0 |       4 |   0.0 |    66
           D:4 |       0 |      14 |   0.0 |       0 |       2 |   0.0 |    78
               +---------+---------+-------+---------+---------+-------+---------

Table legend:
 A = Turns spent in this place as a percentage of turns spent in the entire game.
 B = Non-inter-level travel turns spent in this place as a percentage of non-inter-level travel turns spent in the entire game.
 C = Inter-level travel turns spent in this place as a percentage of turns spent in this place.
 D = Turns resting spent in this place as a percentage of non-inter-level travel turns spent in this place.
 E = Turns spent auto-exploring this place as a percentage of non-inter-level travel turns spent in this place.
 F = Non-inter-level travel turns spent in this place divided by the number of levels of this place that you've seen.
                   A       B       C       D       E      F
               +-------+-------+-------+-------+-------+----------------------
         Total | 100.0 | 100.0 |   0.0 |   0.0 |   0.0 |  52.3
       Dungeon | 100.0 | 100.0 |   0.0 |   0.0 |   0.0 |  52.3
               +-------+-------+-------+-------+-------+----------------------

Table legend:
 A = Kills in this place as a percentage of kills in entire the game.
 B = Kills by you in this place as a percentage of kills by you in the entire game.
 C = Kills by friends in this place as a percentage of kills by friends in the entire game.
 D = Other kills in this place as a percentage of other kills in the entire game.
 E = Experience gained in this place as a percentage of experience gained in the entire game.
 F = Experience gained in this place divided by the number of levels of this place that you have seen.
                   A       B       C       D       E      F
               +-------+-------+-------+-------+-------+----------------------
         Total | 100.0 | 100.0 |   N/A |   N/A | 100.0 |   6.7
       Dungeon | 100.0 | 100.0 |   N/A |   N/A | 100.0 |   6.7
               +-------+-------+-------+-------+-------+----------------------

Vault maps used:
D:1:      dpeg_arrival_more_subterranean_lakeside_camping
D:2:      first_bread, kennysheep_nub
D:4:      chequers_ossuary_entry_cave, serial_glass, glass_columns_b,
          glass_columns_a, serial_shops, shop_coins, uniq_sigmund
